 Dungeon Crawl Stone Soup version 0.28.0-53-g5a82cb258f (webtiles) character file.

Game seed: 8494819215957329058

571 COBRA the Cleaver (level 7, -7/57 HPs)
             Began as a Hill Orc Fighter on Aug 10, 2022.
             Killed from afar by Dowan (15 damage)
             ... with a stone arrow
             ... on level 5 of the Dungeon.
             The game lasted 00:07:33 (3066 turns).

COBRA the Cleaver (Hill Orc Fighter)                Turns: 3066, Time: 00:07:33

Health: -7/57      AC: 18    Str: 21    XL:     7   Next: 34%
Magic:  7/7        EV: 10    Int:  8    God:
Gold:   139        SH:  4    Dex: 10    Spells: 6/6 levels left

rFire   . . .      SeeInvis .   a - +0 war axe
rCold   . . .      Faith    .   c - +0 buckler
rNeg    + + .      Spirit   .   m - +9 ring mail "Jigyju" {rN+ Slay+3 Stlth-}
rPois   .          Reflect  .   g - +1 hat
rElec   .          Harm     .   (no cloak)
rCorr   .          Rampage  .   n - +2 pair of gloves
Will    .....                   (no boots)
Stlth   ..........              (no amulet)
HPRegen 0.19/turn               i - ring of positive energy
MPRegen 0.10/turn               (no ring)

@: lethally poisoned (-7 -> -32)
A: no striking features
a: no special abilities


You were on level 5 of the Dungeon.
You visited 2 branches of the dungeon, and saw 6 of its levels.

You collected 139 gold pieces.

Inventory:

Hand Weapons
 a - a +0 war axe (weapon)
 j - a +2 battleaxe of flaming
Armour
 c - a +0 buckler (worn)
 f - a +4 scale mail of fire resistance
 g - a +1 hat (worn)
 h - a +0 chain mail
 m - the +9 ring mail "Jigyju" (worn) {rN+ Slay+3 Stlth-}
   (You found it on level 3 of the Dungeon)

   Slay:      It affects your accuracy & damage with ranged weapons and melee
   (+3).
   rN:        It protects you from negative energy.
   Stlth:     It makes you less stealthy.
 n - a +2 pair of gloves (worn)
Jewellery
 i - a ring of positive energy (left hand)
 p - a ring of flight
Wands
 b - a wand of charming (12)
 q - a wand of digging (7)
Scrolls
 e - 2 scrolls of holy word
 k - a scroll of silence
 l - a scroll of teleportation
Potions
 d - a potion of might


   Skills:
 - Level 3.6 Fighting
 * Level 10.3 Axes
 - Level 3.2 Armour
 - Level 3.2 Shields


You had 6 spell levels left.
You didn't know any spells.
Your spell library contained the following spells:

 Spells                   Type           Power      Damage    Failure   Level
 Ensorcelled Hibernation  Hex/Ice        0%         N/A       80%         2
 Passwall                 Tmut/Erth      0%         N/A       80%         2
 Swiftness                Air            0%         N/A       95%         3
 Tukima's Dance           Hex            0%         N/A       95%         3
 Passage of Golubria      Tloc           0%         N/A       100%        4
 Yara's Violent Unravell  Hex/Tmut       0%         3d3       100%        5


Dungeon Overview and Level Annotations

Branches:
Dungeon (5/15)             Temple (1/1) D:4

Altars:
Ashenzari
Cheibriados
Dithmenos
Fedhas
Gozag
Kikubaaqudgha
Makhleb
Qazlal
Ru
Sif Muna
Uskayaw
Vehumet
Wu Jian
Xom
Yredelemnul
The Shining One
Ignis

Shops:
D:3 =

Annotations:
D:5 Dowan


Message History

Dowan hits you but does no damage.
You are lethally poisoned!
Dowan barely misses you.
Unknown command.
Unknown command.
Unknown command.
You feel very sick. Dowan hits you but does no damage.
You are lethally poisoned!
You miss Dowan.
Dowan is heavily wounded.
You feel very sick.
Dowan hits you with a +3 dagger of venom.
* * * LOW HITPOINT WARNING * * *
Dowan closely misses you.
* * * LOW HITPOINT WARNING * * *
You feel very sick. Dowan hits you but does no damage.
You are more poisoned.
You bump into the rock wall.
* * * LOW HITPOINT WARNING * * *
You feel extremely sick. Dowan closely misses you.
Dowan gestures at you while chanting. The stone arrow misses you.
* * * LOW HITPOINT WARNING * * *
You feel very sick.
Dowan hits you with a +3 dagger of venom.
* * * LOW HITPOINT WARNING * * *
You are more poisoned.
You are too confused!
You are too confused!
Unknown command.
You feel less invigorated.
You feel less confused.
* * * LOW HITPOINT WARNING * * *
You feel very sick.
Dowan points at you and mumbles some strange words.
The stone arrow hits you!
You die...

####'.##....#
............#
............#
............#
............#
............######
###########.)....#
#......).....#
########.)..@#
#....e# #.....#
#.....# #...#....
.....#.....
......#.......
+......#.......
#####..#.......


You could see Dowan (fast).

Vanquished Creatures
  Sigmund (D:5)
  Duvessa (D:5)
  2 hounds (D:4)
  Jessica (D:2)
  Terence (D:3)
  An iguana (D:4)
  Natasha (thrice) (D:3)
  4 gnolls (D:3)
  2 adders
  2 dart slugs (D:4)
  An orc (D:5)
  2 ball pythons
  A bat (D:3)
  6 endoplasms
  A giant cockroach (D:2)
  6 goblins
  6 hobgoblins
  A kobold (D:2)
  2 quokkas
  A frilled lizard (D:2)
  2 rats
47 creatures vanquished.

Notes
Turn   | Place    | Note
-------+----------+-------------------------------------------
     0 | D:1      | COBRA the Hill Orc Fighter began the quest for the Orb.
     0 | D:1      | Reached XP level 1. HP: 19/19 MP: 1/1
    54 | D:2      | Reached skill level 3 in Axes
   179 | D:1      | Reached XP level 2. HP: 26/26 MP: 2/2
   227 | D:2      | Noticed Jessica
   234 | D:2      | Killed Jessica
   235 | D:2      | Reached skill level 4 in Axes
   235 | D:2      | Reached XP level 3. HP: 13/31 MP: 3/3
   238 | D:2      | Reached skill level 5 in Axes
  1007 | D:4      | Found a broken altar of Ashenzari.
  1029 | D:4      | Reached skill level 6 in Axes
  1029 | D:4      | Reached XP level 4. HP: 24/39 MP: 4/4
  1204 | D:4      | Found a basalt altar of Yredelemnul.
  1234 | D:4      | Found a staircase to the Ecumenical Temple.
  1256 | Temple   | Entered the Ecumenical Temple
  1406 | D:5      | Entered Level 5 of the Dungeon
  1525 | D:4      | Reached XP level 5. HP: 42/45 MP: 5/5
  1564 | D:5      | Found a sacrificial altar of Ru.
  1572 | D:5      | Noticed Sigmund
  1824 | D:3      | Noticed Natasha
  1827 | D:3      | Killed Natasha
  1828 | D:3      | Reached skill level 7 in Axes
  2182 | D:3      | Identified the +9 ring mail "Jigyju" {rN+ Slay+3 Stlth-}
  2201 | D:3      | Noticed Natasha
  2208 | D:3      | Killed Natasha
  2321 | D:3      | Reached skill level 8 in Axes
  2321 | D:3      | Reached XP level 6. HP: 47/51 MP: 6/6
  2518 | D:3      | Found Azischaxu's Jewellery Shoppe.
  2532 | D:3      | Noticed Terence
  2544 | D:3      | Killed Terence
  2753 | D:3      | Noticed Natasha
  2756 | D:3      | Killed Natasha
  2958 | D:5      | Killed Sigmund
  2959 | D:5      | Reached skill level 9 in Axes
  2959 | D:5      | Reached XP level 7. HP: 53/57 MP: 7/7
  2990 | D:5      | Found an ancient bone altar of Kikubaaqudgha.
  3029 | D:5      | Noticed Duvessa
  3034 | D:5      | Noticed Dowan
  3044 | D:5      | Killed Duvessa
  3045 | D:5      | Reached skill level 10 in Axes
  3066 | D:5      | Killed from afar by Dowan

Illustrated notes

Levels and vault maps discovered:
D:1:      grunt_arrival_lava_bath, layout_loops_corners, basic_ecumenical_altar,
          minmay_octomino_c4
D:2:      layout_basic, serial_rivers, chequers_serial_rivers_micro_e,
          chequers_serial_rivers_small_a, chequers_serial_rivers_marsh,
          chequers_serial_rivers_large_a, minmay_misc_feat_tower, uniq_jessica,
          uniq_crazy_yiuf_cottage
D:3:      layout_loops_corners, serial_shops, nicolae_shop_waterfront,
          uniq_natasha, uniq_terence
D:4:      layout_loops_cross, nicolae_overflow_crystal_walls,
          yredelemnul_altar_generic, minmay_temple_entry_sparse_star, hex_tiny
D:5:      layout_gridville, mainiacjoe_overflow_alcove_1,
          mainiacjoe_overflow_small_starburst, nicolae_elyvilon_temple_path,
          uniq_duvessa, uniq_sigmund
Temple:   ebering_untended_altars

Skill      XL: |  1  2  3  4  5  6  7 |
---------------+----------------------+-----
Axes           | 3 4 6 8 9 10 | 10.3
Fighting       | |  3.6
Armour         | |  3.2
Shields        | |  3.2

Action                   |  1- 3 |  4- 6 |  7- 9 || total
-------------------------+-------+-------+-------++-------
Melee: War axe           |    51 |    78 |    21 ||   150
Throw: Throwing net      |       |     1 |       ||     1
  Use: Scroll            |     1 |     4 |       ||     5
       Potion            |     1 |       |     1 ||     2
Armor: Scale mail        |    12 |       |       ||    12
       Chain mail        |     2 |    26 |       ||    28
       Ring mail         |       |    18 |    14 ||    32
Dodge: Dodged            |    15 |    27 |    10 ||    52
Block: Buckler           |    13 |    16 |     9 ||    38
